 Dungeon Crawl Stone Soup version 0.31-a0-1009-g454b1f1e0a (webtiles) character file.

Game seed: 3549556071009587965

1894 Gynju the Ruffian (level 8, -3/81 HPs)
             Began as a Troll Fighter on Nov 16, 2023.
             Was a Believer of Makhleb.
             Killed by divine providence
             ... invoked by an orc priest
              (8 damage)
             ... on level 6 of the Dungeon.
             The game lasted 00:07:10 (3895 turns).

Gynju the Ruffian (Troll Fighter)                   Turns: 3895, Time: 00:07:10

Health: -3/81      AC:  4    Str: 33    XL:     8   Next: 93%
Magic:  7/7        EV: 10    Int:  4    God:    Makhleb [**....]
Gold:   311        SH:  0    Dex:  9    Spells: 7/7 levels left

rFire   . .          .
                       - Unarmed
rCold   + . .        b - +0 kite shield
rNeg    . . .        a - +0 robe
rPois   .            (helmet restricted)
rElec   .            (no cloak)
rCorr   .            (gloves unavailable)
SInv    .            (boots unavailable)
Will    .....        z - amulet of Elyvilon's Favour {Reflect Rampage Drain rC+ SH+5}
Stlth   +            o - +6 ring of strength
HPRegen 1.13/turn    (no ring)
MPRegen 0.10/turn

%: reflection, rampage
@: confused, mighty
A: large, unfitting armour, claws 3, regeneration 1, shaggy fur 1, tough skin 1
a: Renounce Religion, Minor Destruction


You were on level 6 of the Dungeon.
You worshipped Makhleb.
Makhleb was pleased with you.
You visited 2 branches of the dungeon, and saw 7 of its levels.
You also visited: Ossuary.

You collected 311 gold pieces.

Inventory:

Missiles
 s - 2 throwing nets
Armour
 a - a +0 robe (worn)
 b - a +0 kite shield (worn)
Jewellery
 o - a +6 ring of strength (left claw)
 y - an amulet of guardian spirit
 z - the amulet of Elyvilon's Favour (around neck) {Reflect Rampage Drain rC+ SH+5}
   (You found it on level 5 of the Dungeon)

   [amulet of reflection]

   Reflect:   It reflects blocked missile attacks.
   rC+:       It protects you from cold.
   Drain:     It drains your maximum health when unequipped.
   SH+5:      It affects your SH (+5).
   Rampage:   It bestows one free step when moving towards enemies.
Wands
 q - a wand of roots (5)
 B - a wand of acid (11)
Scrolls
 e - 2 scrolls of blinking {unknown}
 g - a scroll of acquirement {unknown}
 h - 6 scrolls of identify {unknown}
 k - a scroll of immolation {unknown}
 m - 4 scrolls of teleportation {unknown}
 n - a scroll of enchant armour {unknown}
 t - a scroll of poison {unknown}
 x - a scroll of noise {unknown}
 A - a scroll of enchant weapon {unknown}
Potions
 c - 2 potions of might
 d - a potion of invisibility {unknown}
 f - 4 potions of heal wounds {unknown}
 i - a potion of curing {unknown}
 j - 2 potions of brilliance {unknown}
 l - a potion of magic {unknown}
 p - 2 potions of cancellation {unknown}
 r - 2 potions of enlightenment {unknown}
 u - a potion of mutation {unknown}
 v - 4 potions of haste {unknown}
 w - a potion of lignification {unknown}
 C - a potion of experience {unknown}


   Skills:
 + Level 5.4 Fighting
 + Level 5.4 Dodging
 + Level 5.9 Shields
 + Level 6.0 Unarmed Combat
 + Level 0.1 Invocations


You had 7 spell levels left.
You didn't know any spells.
Your spell library contained the following spells:

 Spells                   Type           Power      Damage    Failure   Level
 Necrotise                Necr           0%         1d4       67%         1
 Lesser Beckoning         Tloc           0%         N/A       82%         2
 Gell's Gravitas          Tloc           0%         N/A       96%         3
 Inner Flame              Hex/Fire       0%         N/A       96%         3
 Summon Guardian Golem    Hex/Summ       0%         N/A       96%         3
 Teleport Other           Tloc           0%         N/A       96%         3
 Vampiric Draining        Necr           0%         2d6       96%         3
 Agony                    Necr           0%         N/A       100%        5
 Yara's Violent Unravell  Hex/Tmut       0%         3d3       100%        5
 Enfeeble                 Hex            0%         N/A       100%        7
 Orb of Destruction       Conj           0%         9d5       100%        7
 Spellforged Servitor     Conj/Summ      0%         N/A       100%        7


Dungeon Overview and Level Annotations

Branches:
Dungeon (6/15)             Temple (1/1) D:4         Ossuary (visited)

Altars:
Ashenzari
Cheibriados
Dithmenos
Fedhas
Gozag
Kikubaaqudgha
Makhleb
Nemelex Xobeh
Okawaru
Qazlal
Ru
Sif Muna
Uskayaw
Vehumet
Wu Jian
Xom
Yredelemnul
Zin


Innate Abilities, Weirdness & Mutations

You are too large for most types of armour.
You have claws for hands.
Your natural rate of healing is unusually fast.
You are covered in fur. (AC +1)
You have tough skin. (AC +1)


Message History

The ufetubus hits you.
* * * LOW HITPOINT WARNING * * *
You block the orc priest's attack. You block something's attack.
Something unexpectedly blocks you, preventing you from rampaging!
You closely miss something. The ufetubus closely misses you.
You block the ufetubus's attack.
The orc priest hits you with a +0 hand axe.
* * * LOW HITPOINT WARNING * * *
Something hits you.
* * * LOW HITPOINT WARNING * * *
The ufetubus barely misses you. The ufetubus closely misses you.
You feel very mighty all of a sudden. The ufetubus hits you.
* * * LOW HITPOINT WARNING * * *
You block the ufetubus's attack.
The orc priest mumbles some strange prayers to Beogh against you.
Something writhes in agony!
You block the orc priest's attack.
You hear some strange, mumbled words.
You are confused.
You miss something. The ufetubus closely misses you. The ufetubus hits you.
* * * LOW HITPOINT WARNING * * *
The orc priest hits you with a +0 hand axe.
* * * LOW HITPOINT WARNING * * *
Something hits you.
* * * LOW HITPOINT WARNING * * *
You bump into the rock wall.
The ufetubus hits you but does no damage.
The ufetubus hits you.
* * * LOW HITPOINT WARNING * * *
The ufetubus misses you.
The ufetubus hits you but does no damage.
The orc priest looks braver for a moment.
Something hits you.
* * * LOW HITPOINT WARNING * * *
You completely miss something. The ufetubus hits you.
* * * LOW HITPOINT WARNING * * *
The ufetubus barely misses you.
The orc priest invokes the aid of Beogh against you.
Beogh smites you!
You die...

.... ...# ...# ..8#
...# ###)..####
#oo.....:.
##{#8...... ..
#o@#############.#
#.#5###..........#
#.#..............+
#.#.###..........#
#.#.###..........#.
#.#.............#..
#.#.###.#..........
#.#.###............
#.....#.##.#.##.#


You could see 2 orc priests, an ufetubus and an orc.

Vanquished Creatures
  Pikel (D:4)
  2 ice beasts (D:5)
  A centaur (D:5)
  3 lemures
  2 elf zombies (Ossuary)
  3 phantoms
  2 scorpions
  2 human zombies (Ossuary)
  3 centaur zombies (Ossuary)
  2 hounds (D:5)
  3 orc priests
  2 jellies (D:5)
  Natasha (thrice) (D:2)
  A gnoll bouda (D:4)
  2 iguanas
  3 mummies
  3 gnolls (D:4)
  4 adders
  A white imp (D:6)
  A worm (D:3)
  2 dart slugs
  5 orcs
  A bat (D:3)
  3 endoplasms
  5 giant cockroaches
  9 hobgoblins
  2 jackals (D:4)
  6 kobolds
  3 quokkas
  4 ball pythons
  5 frilled lizards
  5 goblins
  11 hobgoblin zombies (Ossuary)
  8 kobold zombies (Ossuary)
  9 orc zombies (Ossuary)
  4 rats
  2 rat zombies (Ossuary)
128 creatures vanquished.

Notes
Turn   | Place    | Note
-------+----------+-------------------------------------------
     0 | D:1      | Gynju the Troll Fighter began the quest for the Orb.
     0 | D:1      | Reached XP level 1. HP: 22/22 MP: 0/0
   138 | D:1      | Reached XP level 2. HP: 29/29 MP: 1/1
   671 | D:2      | Noticed Natasha
   683 | D:2      | Killed Natasha
   684 | D:2      | Reached XP level 3. HP: 11/36 MP: 2/2
   833 | D:2      | Noticed Natasha
   841 | D:2      | Killed Natasha
   842 | D:2      | Reached XP level 4. HP: 39/44 MP: 3/3
   938 | D:2      | Noticed Natasha
   943 | D:2      | Killed Natasha
  1247 | D:3      | Reached skill level 3 in Unarmed Combat
  1764 | D:3      | Reached XP level 5. HP: 53/53 MP: 4/4
  1865 | D:4      | Found a staircase to the Ecumenical Temple.
  2177 | D:4      | Reached XP level 6. HP: 49/61 MP: 5/5
  2258 | Temple   | Entered the Ecumenical Temple
  2266 | Temple   | Became a worshipper of Makhleb the Destroyer
  2329 | D:4      | Noticed Pikel
  2432 | D:4      | Killed Pikel
  2433 | D:4      | Reached skill level 4 in Unarmed Combat
  2433 | D:4      | Reached XP level 7. HP: 66/70 MP: 6/6
  2536 | D:4      | Found an ancient bone altar of Kikubaaqudgha.
  2542 | D:4      | Found a shimmering blue altar of Sif Muna.
  2545 | D:4      | Found a basalt altar of Yredelemnul.
  2661 | D:4      | Found a blossoming altar of Fedhas.
  2740 | D:5      | Entered Level 5 of the Dungeon
  2865 | D:5      | Found a sand-covered staircase.
  2872 | Ossuary  | Entered an ossuary
  2909 | Ossuary  | Reached * piety under Makhleb
  2918 | Ossuary  | Reached skill level 5 in Shields
  2943 | Ossuary  | Reached skill level 5 in Unarmed Combat
  2943 | Ossuary  | Reached XP level 8. HP: 76/79 MP: 7/7
  3198 | D:5      | Reached ** piety under Makhleb
  3271 | D:5      | Reached skill level 5 in Fighting
  3271 | D:5      | Reached skill level 5 in Dodging
  3392 | D:5      | Identified the amulet of Elyvilon's Favour {Reflect Rampage
                  | Drain rC+ SH+5}
  3613 | D:5      | Reached skill level 6 in Unarmed Combat
  3895 | D:6      | Killed from afar by an orc priest

Illustrated notes

Levels and vault maps discovered:
D:1:      minmay_arrival_split_and_join, layout_basic, kennysheep_nondescript
D:2:      layout_rooms, kennysheep_cluttered_room, uniq_natasha
D:3:      layout_basic
D:4:      layout_basic, mainiacjoe_overflow_brackets,
          minmay_overflow_temple_star_quad, minmay_temple_entry_waves,
          minmay_misc_feat_plants, uniq_pikel
D:5:      nicolae_BIG_FREAKIN_CUBE, layout_gridville, gup_ossuary_entry_pyramid,
          minmay_hedge_maze, skrybe_limestone_x
D:6:      layout_basic, nicolae_nh_oracle_at_delphi, uniq_sigmund,
          uniq_eustachio
Temple:   nicolae_temple_two_arcs

Skill      XL: |  1  2  3  4  5  6  7  8 |
---------------+-------------------------+-----
Shields        | 3 4 5 |  5.9
Fighting       | 3 4 5 |  5.4
Dodging        | 3 4 5 |  5.4
Unarmed Combat | 3 4 5 6 |  6.0
Invocations    | |  0.1

Action                     |  1- 3 |  4- 6 |  7- 9 || total
---------------------------+-------+-------+-------++-------
  Melee: Unarmed           |    66 |   145 |   217 ||   428
    Use: Potion            |       |       |     1 ||     1
   Stab: Sleeping          |       |       |     1 ||     1
 Armour: Robe              |    30 |    71 |   132 ||   233
  Dodge: Dodged            |    13 |    58 |    71 ||   142
  Block: Kite shield       |    20 |    51 |   106 ||   177

Table legend: (Time is in decaauts)
 A = Elapsed time spent in this place.
 B = Non-inter-level travel time spent in this place.
 C = Inter-level travel time spent in this place.
 D = Time resting spent in this place.
 E = Time spent auto-exploring this place.
 F = Levels seen in this place.
 G = Mean time per level.
                   A        B        C        D        E       F      G
               +--------+--------+--------+--------+--------+-----+--------+
         Total |   3916 |   3805 |    111 |      8 |   2879 |   8 |  489.5 |
       Dungeon |   3598 |   3494 |    104 |      0 |   2778 |   6 |  599.7 |
        Temple |     42 |     35 |      7 |      8 |      0 |   1 |   42.0 |
       Ossuary |    275 |    275 |      0 |      0 |    101 |   1 |  275.0 |
               +--------+--------+--------+--------+--------+-----+--------+

Top non-repeatable levels by time:
     D:4: 864 daAuts
     D:5: 828 daAuts
     D:3: 809 daAuts
     D:1: 587 daAuts
     D:2: 460 daAuts
 Ossuary: 275 daAuts
     D:6: 49 daAuts
  Temple: 42 daAuts
